 Dungeon Crawl Stone Soup version 0.25.1-2-g60ff931df9 (webtiles) character file.

Game seed: 16269823837248518087

16349 nikku the Cleaver (level 12, -14/116 HPs)
             Began as a Hill Orc Monk on Nov 11, 2020.
             Was a High Priest of Beogh.
             Demolished by a cyclops (23 damage)
             ... on level 13 of the Dungeon.
             The game lasted 00:38:38 (17794 turns).

nikku the Cleaver (Hill Orc Monk)                  Turns: 17794, Time: 00:38:39

Health: -14/116    AC: 19    Str: 25    XL:     12   Next: 36%
Magic:  12/12      EV: 13    Int: 10    God:    Beogh [*****.]
Gold:   330        SH:  0    Dex: 13    Spells: 11/11 levels left

rFire    . . .     SeeInvis .   l - +5 hand axe
rCold    . . .     Gourm    .   (no shield)
rNeg     . . .     Faith    +   a - +0 plate armour
rPois    .         Spirit   .   u - +2 helmet
rElec    .         Reflect  .   (no cloak)
rCorr    .         Harm     .   (no gloves)
MR       .....                  (no boots)
Stlth    ..........             k - amulet of faith
HPRegen  0.29/turn              w - +6 ring of strength
MPRegen  0.13/turn              d - +4 ring of evasion

@: no status effects
A: walk on water
a: Smiting, Recall Orcish Followers, Give Item to Named Follower, Renounce
Religion


You were on level 13 of the Dungeon.
You worshipped Beogh.
Beogh was extremely pleased with you.
You were not hungry.

You visited 1 branch of the dungeon, and saw 13 of its levels.
You also visited: Sewer.

You collected 330 gold pieces.

Inventory:

Hand Weapons
 l - a +5 hand axe (weapon)
 A - a +0 glaive
 D - a +1 vorpal hand axe
 E - a +6 spear
 G - a +0 halberd
 H - a +0 war axe
Missiles
 b - 33 poisoned darts (quivered)
 x - 3 javelins
Armour
 a - a +0 plate armour (worn)
 u - a +2 helmet (worn)
Jewellery
 d - a +4 ring of evasion (right hand)
 g - an uncursed ring of poison resistance
 k - an amulet of faith (around neck)
 w - a +6 ring of strength (left hand)
 y - an uncursed amulet of the acrobat
Wands
 f - a wand of digging (5)
 q - a wand of disintegration (34)
 t - a wand of flame (19)
Scrolls
 i - 3 scrolls of amnesia
 j - 2 scrolls of fear
 m - 3 scrolls of remove curse
 n - a scroll of magic mapping
 p - 2 scrolls of holy word
 s - 4 scrolls of teleportation
 z - a scroll of blinking
Potions
 e - 4 potions of resistance
 h - a potion of lignification
 r - 4 potions of curing
 v - 3 potions of flight
 B - a potion of mutation
 F - a potion of heal wounds {unknown}
Miscellaneous
 C - a phial of floods
Comestibles
 c - 17 rations


   Skills:
 + Level 13.6 Fighting
 + Level 14.7 Axes
 + Level 12.3 Armour
 - Level 2.4 Dodging
 - Level 1.5 Stealth


You had 11 spell levels left.
You didn't know any spells.
Your spell library contained the following spells:

 Spells                   Type           Power        Failure   Level  Hunger
 Sandblast                Erth           #.....       97%         1    ##.....
 Passwall                 Tmut/Erth      #.......     99%         2    ###....
 Poisonous Vapours        Pois/Air       #.....       99%         2    ###....
 Conjure Flame            Conj/Fire      #.......     100%        3    ####...
 Mephitic Cloud           Conj/Pois/Air  #.......     100%        3    ####...
 Static Discharge         Conj/Air       #.......     100%        3    ####...
 Stone Arrow              Conj/Erth      #.....       100%        3    ####...
 Petrify                  Tmut/Erth      #.......     100%        4    #####..
 Lee's Rapid Deconstruct  Erth           #.........   100%        5    ######.
 Lightning Bolt           Conj/Air       #.........   100%        5    ######.
 Freezing Cloud           Conj/Ice/Air   #.........   100%        6    #######
 Ring of Flames           Chrm/Fire      #.........   100%        7    #######
 Ignition                 Fire           #.........   100%        8    #######
 Shatter                  Erth           #.........   100%        9    #######
 Tornado                  Air            #.........   100%        9    #######


Dungeon Overview and Level Annotations

Branches:
Dungeon (13/15)            Temple (0/1) D:7            Lair (0/6) D:9
    Orc (0/2) D:9           Sewer (visited)
 Vaults: D:13-14

Altars:
Dithmenos
Elyvilon
Gozag
Hepliaklqana
Nemelex Xobeh
Okawaru
Qazlal
Vehumet
Xom
Zin
The Shining One

Shops:
D:6 !   D:11 :

Portals:
Abyss: D:7

Annotations:
D:6 1 exclusion
D:7 2 transporters, othur's ghost, novice GrFi


Message History

Your orc hits the cyclops but does no damage.
Your orc closely misses the vampire mosquito.
The vampire mosquito bites your orc!
Your orc dies!
Your orc closely misses the hound.
You hit the cyclops.
The cyclops is severely wounded.
You hit the cyclops.
The vampire mosquito completely misses your orc knight.
The vampire mosquito bites your orc!
Your orc dies!
Your orc knight hits the hound with a cursed -3 dagger.
The cyclops hits you!
* * * LOW HITPOINT WARNING * * *
You feel better.
The vampire mosquito completely misses your orc knight.
The hound bites you.
* * * LOW HITPOINT WARNING * * *
The cyclops hits you!!
You die...

.... ...# .......
.......# #..# .......
.......# #..###.......
.......# #............
.......# #............
.......#####............
.............(...C......
........<...((.o@o......
#o....%...(..oyhCy.....
##...............y......
#.......................
##......................
#............###.......
#............# .......
#............# .......
#.........^...


You could see 2 cyclopes, 3 vampire mosquitoes, a hound, 2 friendly orc knights
and a friendly orc (strong).

Vanquished Creatures
  Josephine (D:11)
  3 two-headed ogres
  2 cyclopes (D:11)
  2 slime creatures (D:9)
  Maurice (D:8)
  Psyche (D:11)
  2 trolls
  A hornet (D:12)
  A hippogriff (D:12)
  5 wraiths (D:11)
  A vampire (D:12)
  9 yaks (D:11)
  A human (D:9)
  A wyvern (D:10)
  3 hogs (D:9)
  2 hungry ghosts
  A soldier ant (D:13)
  2 orc warriors
  2 black bears
  3 sky beasts
  Duvessa (D:4)
  5 ice beasts
  A necrophage (D:9)
  2 phantoms
  6 ogres
  3 centaurs
  A crocodile (D:7)
  10 big kobolds
  8 bullfrogs
  A water moccasin zombie (D:10)
  2 scorpions
  2 water moccasin skeletons
  Dowan (D:5)
  6 killer bees (D:9)
  9 wights
  5 howler monkeys
  3 crimson imps
  3 jellies
  A centaur zombie (D:9)
  A quasit (D:6)
  3 orc priests
  4 bullfrog skeletons
  6 hounds
  5 orc wizards
  A centaur skeleton (D:6)
  4 iguanas
  9 worker ants
  4 gnolls (D:11)
  3 river rats (Sewer)
  18 adders
  A howler monkey skeleton (D:7)
  3 shadow imps
  5 oozes
  An adder zombie (D:5)
  9 worms
  4 dart slugs
  2 leopard geckos
  16 orcs
  4 ball pythons
  12 giant cockroaches
  10 goblins
  13 hobgoblins
  8 jackals
  11 quokkas
  10 bats
  3 frilled lizards
  23 kobolds
  A leopard gecko zombie (D:5)
  2 quokka skeletons
  19 rats
329 creatures vanquished.

Vanquished Creatures (collateral kills)
  A two-headed ogre (D:12)
  A centaur zombie (D:13)
  A slime creature (D:13)
  A wraith (D:12)
  A hog (D:9)
  A hungry ghost (D:10)
  An ice beast (D:11)
  A centaur (D:12)
  A crocodile (D:12)
  2 bullfrogs (D:10)
  2 wights (D:11)
  A howler monkey (D:9)
  A crimson imp (D:10)
  A bullfrog zombie (D:12)
  An adder (D:12)
  A shadow imp (D:12)
  2 orcs (D:12)
20 creatures vanquished.

Vanquished Creatures (others)
  An orc priest (D:11)
  An orc wizard (D:13)
  4 orcs
6 creatures vanquished.

Grand Total: 355 creatures vanquished

Notes
Turn   | Place    | Note
-------+----------+-------------------------------------------
     0 | D:1      | nikku the Hill Orc Monk began the quest for the Orb.
     0 | D:1      | Reached XP level 1. HP: 19/19 MP: 1/1
   348 | D:1      | Reached XP level 2. HP: 27/27 MP: 2/2
   354 | D:1      | Reached skill level 1 in Armour
   681 | D:1      | Reached XP level 3. HP: 15/33 MP: 3/3
  1512 | D:2      | Reached XP level 4. HP: 24/41 MP: 4/4
  1864 | D:2      | Reached skill level 5 in Axes
  2477 | D:2      | Reached XP level 5. HP: 45/47 MP: 5/5
  2838 | D:3      | Reached skill level 5 in Fighting
  3009 | D:3      | Found a glowing golden altar of the Shining One.
  3444 | D:3      | Found a glowing silver altar of Zin.
  3445 | D:3      | Found a hazy altar of Hepliaklqana.
  3971 | D:4      | Reached XP level 6. HP: 41/56 MP: 6/6
  4084 | D:4      | Reached skill level 6 in Axes
  4165 | D:4      | Noticed a sky beast
  4178 | D:4      | Killed a sky beast
  4568 | D:4      | Reached XP level 7. HP: 53/63 MP: 7/7
  4884 | D:5      | Entered Level 5 of the Dungeon
  5082 | D:5      | Noticed Duvessa
  5082 | D:5      | Noticed Dowan
  5111 | D:5      | Killed Dowan
  5111 | D:5      | Reached skill level 7 in Axes
  5153 | D:4      | Killed Duvessa
  5431 | D:5      | Found a glowing drain.
  5441 | Sewer    | Entered a sewer
  5533 | Sewer    | Reached skill level 5 in Armour
  5698 | Sewer    | Reached XP level 8. HP: 73/73 MP: 8/8
  5785 | Sewer    | Reached skill level 8 in Axes
  7427 | D:5      | Reached skill level 9 in Axes
  7613 | D:5      | Reached XP level 9. HP: 82/82 MP: 9/9
  8333 | D:6      | Found Eblof's Distillery.
  8787 | D:6      | Became a worshipper of Beogh the Brigand
  8787 | D:6      | Reached * piety under Beogh
  8787 | D:6      | Reached ** piety under Beogh
  8931 | D:6      | Found an opulent altar of Gozag.
  8932 | D:6      | Found a sparkling altar of Nemelex Xobeh.
  9064 | D:6      | Found an iron altar of Okawaru.
  9110 | D:6      | Reached skill level 10 in Axes
  9480 | D:7      | Identified the cursed +1 rapier of Linearity {distort,
                  | Fragile rN++}
  9490 | D:7      | Found a one-way gate to the infinite horrors of the Abyss.
  9490 | D:7      | Noticed othur's ghost (novice GrFi)
  9590 | D:7      | Found a staircase to the Ecumenical Temple.
  9710 | D:7      | Found an iron altar of Okawaru.
  9902 | D:7      | Found a radiant altar of Vehumet.
 10065 | D:7      | Found a transporter.
 10128 | D:7      | Found a transporter.
 10365 | D:8      | Found a white marble altar of Elyvilon.
 10368 | D:8      | Found a shadowy altar of Dithmenos.
 10368 | D:8      | Found a stormy altar of Qazlal.
 10548 | D:8      | Noticed a two-headed ogre
 10555 | D:8      | Killed a two-headed ogre
 10555 | D:8      | Reached skill level 10 in Fighting
 10555 | D:8      | Reached skill level 11 in Axes
 10555 | D:8      | Reached XP level 10. HP: 55/94 MP: 6/10
 10781 | D:8      | Noticed Maurice
 10876 | D:8      | Noticed a two-headed ogre
 10887 | D:8      | Killed a two-headed ogre
 11207 | D:8      | Killed Maurice
 11262 | D:8      | Found a shimmering altar of Xom.
 11263 | D:8      | Found a shimmering altar of Xom.
 11263 | D:8      | Found a shimmering altar of Xom.
 11265 | D:8      | Found a shimmering altar of Xom.
 11279 | D:8      | Got a scorched ring mail
 11290 | D:8      | Identified the +1 ring mail "Muile" {rPois} (You found it
                  | on level 8 of the Dungeon)
 11325 | D:8      | Found a shimmering altar of Xom.
 11523 | D:8      | Noticed a fire crab
 11751 | D:9      | Reached skill level 12 in Axes
 11915 | D:9      | Reached *** piety under Beogh
 12401 | D:9      | Found a staircase to the Lair.
 12455 | D:9      | Noticed a two-headed ogre
 12465 | D:9      | Killed a two-headed ogre
 12465 | D:9      | Reached skill level 10 in Armour
 12577 | D:9      | Reached XP level 11. HP: 103/103 MP: 11/11
 12786 | D:9      | Found a staircase to the Orcish Mines.
 12865 | D:9      | Reached skill level 13 in Axes
 13173 | D:9      | Reached **** piety under Beogh
 13292 | D:10     | Entered Level 10 of the Dungeon
 14832 | D:11     | Noticed Josephine
 14862 | D:11     | Killed Josephine
 15277 | D:11     | Noticed Psyche
 15290 | D:11     | Killed Psyche
 15360 | D:11     | Found Hisma's Book Emporium.
 15525 | D:11     | Reached ***** piety under Beogh
 15571 | D:11     | Reached skill level 14 in Axes
 15836 | D:11     | Reached XP level 12. HP: 111/115 MP: 12/12
 16969 | D:12     | Paralysed by a hornet for 3 turns
 17196 | D:12     | Noticed a two-headed ogre
 17202 | D:12     | Killed a two-headed ogre
 17793 | D:13     | HP: 4/116 [cyclops (15)]
 17794 | D:13     | Demolished by a cyclops

Illustrated notes

Levels and vault maps discovered:
D:1:      tarquinn_simple_flora_water_b, layout_loops_ring
D:2:      wad_pebble_path, layout_loops_ring, minmay_increasing_density
D:3:      layout_basic, nicolae_tso_carved_into_rock, minitemple
D:4:      layout_rooms, nicolae_overflow_hidden_temple
D:5:      layout_basic, cheibrodos_sewer_entry_sluice, first_ration, hex_medium,
          uniq_duvessa
D:6:      layout_layer_cave, grunt_temple_overflow_opulence, serial_shops,
          nicolae_shop_statue_plus, kennysheep_okawaru_gauntlet
D:7:      layout_basic, vehumet_altar_wand_db, overflow_temple_1_default,
          minmay_temple_entry_slanted, gammafunk_ghost_abyssal_escape
D:8:      layout_cave_pods, xom_shifter_show,
          chequers_temple_overflow_statue_of_worship, uniq_maurice
D:9:      layout_small_grid, lair_entry_dummy, orc_0_dummy, grunt_livestock,
          st_stairs_6
D:10:     layout_loops_corners
D:11:     layout_roguey, serial_shops, nicolae_shop_window_shopping,
          portal_ice_cave_entry_pillars_1, chequers_arboretum, uniq_psyche,
          uniq_josephine
D:12:     layout_loops_ring
D:13:     layout_big_octagon, ebering_ghost_inner_flame, st_stairs_2

Skill      XL: |  1  2  3  4  5  6  7  8  9 10 11 12 |
---------------+-------------------------------------+-----
Armour         | 1 2 3 4 5 6 9 10 11 12 | 12.3
Fighting       | 4 5 6 7 8 10 11 13 | 13.6
Axes           | 5 6 7 9 11 12 14 | 14.7
Dodging        | |  2.4
Stealth        | |  1.5

Action                   |  1- 3 |  4- 6 |  7- 9 | 10-12 || total
-------------------------+-------+-------+-------+-------++-------
Melee: Hand axe          |   118 |   337 |   741 |   705 ||  1901
Throw: Javelin           |       |       |     2 |     6 ||     8
Invok: Smiting           |       |       |     1 |     1 ||     2
       Convert to Beogh  |       |       |     1 |       ||     1
       Recall Orcish Fol |       |       |       |     3 ||     3
  Use: Scroll            |     1 |     7 |     8 |     5 ||    21
       Potion            |       |       |     7 |     3 ||    10
 Stab: Sleeping          |     3 |     3 |       |       ||     6
  Eat: Chunk             |     2 |    10 |    17 |    17 ||    46
       Ration            |       |       |     2 |     3 ||     5
Armor: Leather armour    |    31 |    15 |       |       ||    46
       Ring mail         |       |    54 |    83 |    13 ||   150
       Skin              |       |       |    20 |     8 ||    28
       Chain mail        |       |       |   103 |    12 ||   115
       Plate armour      |       |       |       |   210 ||   210
Dodge: Dodged            |    86 |   252 |   372 |   330 ||  1040
